 Dungeon Crawl Stone Soup version 0.24.0-123-gd5b16e6ec5 (webtiles) character file.

Game seed: 1799533881035551479, levelgen mode: deterministic

59460 Norian the Eclecticist (level 14, 0/78 HPs)
             Began as a Deep Elf Conjurer on Dec 20, 2019.
             Was a High Priest of Vehumet.
             Slain by Jorgrun
             ... wielding an uncursed staff of earth
              (21 damage)
             ... on level 14 of the Dungeon.
             The game lasted 01:14:36 (22696 turns).

Norian the Eclecticist (Deep Elf Conjurer)         Turns: 22696, Time: 01:14:37

Health: 0/78       AC: 15    Str:  9    XL:     14   Next: 53%
Magic:  0/44       EV: 14    Int: 22    God:    Vehumet [*****.]
Gold:   1291       SH:  9    Dex: 15    Spells: 25/44 levels left

rFire    . . .     SeeInvis .   X - +0 mace of Jutiz {protect, rElec}
rCold    . . .     Gourm    .   B - +0 shield
rNeg     . . .     Faith    .   h - +3 ring mail {rPois}
rPois    +         Spirit   .   E - +1 hat {MR+}
rElec    +         Reflect  .   s - +1 cloak
rCorr    .         Harm     .   (no gloves)
MR       +++..                  x - +1 pair of boots
Stlth    ++........             r - amulet of the acrobat
HPRegen  0.23/turn              y - ring of protection from magic
MPRegen  0.29/turn              l - ring of magical power

@: no status effects
A: no striking features
a: Renounce Religion


You were on level 14 of the Dungeon.
You worshipped Vehumet.
Vehumet was extremely pleased with you.
You were hungry.

You visited 3 branches of the dungeon, and saw 20 of its levels.

You collected 1339 gold pieces.
You spent 48 gold pieces at shops.

Inventory:

Hand Weapons
 X - the +0 mace of Jutiz (weapon) {protect, rElec}
   (You found it on level 2 of the Lair of Beasts)

   It grants its wielder temporary protection when it strikes (+7 to AC).
   It insulates you from electricity.
Armour
 h - a +3 ring mail of poison resistance (worn)
 s - a +1 cloak (worn)
 x - a +1 pair of boots (worn)
 B - a +0 shield (worn)
 E - a +1 hat of magic resistance (worn)
 K - a +2 robe of cold resistance
Magical Staves
 V - an uncursed staff of earth
 W - an uncursed staff of wizardry
Jewellery
 k - an uncursed ring of fire
 l - a ring of magical power (right hand)
 r - an amulet of the acrobat (around neck)
 y - a ring of protection from magic (left hand)
 G - an uncursed ring of resist corrosion
 O - an uncursed ring of stealth
 Y - an uncursed ring of wizardry
Wands
 u - a wand of disintegration (32)
 v - a wand of iceblast (6)
 z - a wand of scattershot (5)
 H - a wand of polymorph (16)
 Q - a wand of digging (2)
Scrolls
 a - 8 scrolls of identify
 d - 2 scrolls of holy word
 e - 3 scrolls of amnesia
 f - 2 scrolls of teleportation
 i - 2 scrolls of blinking
 j - a scroll of fear
 o - 2 scrolls of enchant armour
 t - 3 scrolls of enchant weapon
 C - 4 scrolls of magic mapping
 J - 2 scrolls of fog
 N - 2 scrolls of acquirement {unknown}
 P - 2 scrolls of vulnerability {unknown}
 R - a scroll of summoning
 U - 2 scrolls of remove curse
 Z - a scroll of noise {unknown}
Potions
 b - 3 potions of agility
 g - 6 potions of curing {unknown}
 m - 3 potions of degeneration {unknown}
 n - 2 potions of flight {unknown}
 p - a potion of ambrosia {unknown}
 q - 5 potions of brilliance {unknown}
 w - 3 potions of lignification {unknown}
 A - a potion of haste {unknown}
 D - a potion of invisibility {unknown}
 L - 2 potions of might {unknown}
 S - 2 potions of berserk rage {unknown}
Miscellaneous
 F - a crystal ball of energy
 I - a sack of spiders
 T - a crystal ball of energy
Comestibles
 c - 25 rations


   Skills:
 - Level 5.0 Fighting
 - Level 7.0 Armour
 - Level 10.1 Dodging
 - Level 5.0 Stealth
 - Level 5.0 Shields
 + Level 15.8 Spellcasting
 + Level 14.1 Conjurations
 - Level 6.2 Hexes
 - Level 7.1 Fire Magic
 - Level 7.0 Earth Magic
 - Level 6.0 Evocations


You had 25 spell levels left.
You knew the following spells:

 Your Spells              Type           Power        Failure   Level  Hunger
a - Magic Dart            Conj           ####         1%          1    None
b - Iskenderun's Mystic   Conj           ######..     1%          4    None
c - Fulminant Prism       Conj/Hex       ######....   1%          4    None
d - Bolt of Magma         Conj/Fire/Erth ######....   4%          5    ##.....
e - Fireball              Conj/Fire      ######....   2%          5    ##.....

Your spell library contained the following spells:

 Spells                   Type           Power        Failure   Level  Hunger
 Searing Ray              Conj           ######       1%          2    None
 Dazzling Spray           Conj/Hex       ######       1%          3    None
 Force Lance              Conj/Tloc      #####...     4%          4    None


Dungeon Overview and Level Annotations

Branches:
Dungeon (12/15)            Temple (1/1) D:5            Lair (6/6) D:8
 Shoals (0/4) Lair:2        Snake (0/4) Lair:3        Slime (0/5) Lair:6
    Orc: D:9-12

Altars:
Ashenzari
Dithmenos
Elyvilon
Fedhas
Gozag
Hepliaklqana
Kikubaaqudgha
Makhleb
Nemelex Xobeh
Qazlal
Ru
Trog
Uskayaw
Vehumet
Xom
The Shining One

Shops:
D:11 *   D:14 ?*

Portals:
Trove: D:10 (give horn of Geryon)

Annotations:
D:14 3 runed translucent doors, Jorgrun; lis82's ghost, journeyman DgAE


Message History

Confirm with . or Enter, or press ? or * to list all spells.
Aiming: Bolt of Magma (safe; 4% risk of failure)
Press: ? - help, Shift-Dir - straight line, f/p - Jorgrun
Aim: Jorgrun, wielding a staff of earth and wearing a +0 robe (heavily wounded)
The bolt of magma hits Jorgrun!
Jorgrun is heavily wounded.
You carefully extract the barbed spikes from your body.
Jorgrun closely misses you.
Casting: Bolt of Magma (safe; 4% risk of failure)
Confirm with . or Enter, or press ? or * to list all spells.
Aiming: Iskenderun's Mystic Blast (safe; 1% risk of failure)
Press: ? - help, Shift-Dir - straight line, f/p - Jorgrun
Aim: Jorgrun, wielding a staff of earth and wearing a +0 robe (heavily wounded)
The orb of energy hits Jorgrun!!
Jorgrun is almost dead.
The orb of energy explodes!
Jorgrun hits you with an uncursed staff of earth!
* * * LOW HITPOINT WARNING * * *
Jorgrun crushes you!
You die...

#.....'...........
#.###.##########.#
#.....# #..
#.##### ##.
#.#...# #. #.###.#
#. #.....# #.
##.#'### #. #.@..#
#. #'g### #. .....
#. #......
#..†.... #........
#........#
#........#


You could see Jorgrun.

Vanquished Creatures
  Gastronok (D:8)
  Nessos (D:14)
  7 hydras
  2 centaur warriors
  A two-headed ogre (D:9)
  7 death yaks
  5 ugly things
  A manticore (D:14)
  Joseph (D:8)
  2 cyclopes (D:11)
  3 merfolk sirens (Lair:2)
  2 black mambas
  The ghost of McKennaii the Zephyrmancer, a novice TeAE (D:7)
  Psyche (D:8)
  2 gargoyles
  27 spiny frogs
  2 rime drakes
  A kobold demonologist (D:11)
  7 komodo dragons
  4 tyrant leeches (Lair:6)
  3 polar bears (Lair:4)
  A merfolk (Lair:2)
  15 blink frogs
  5 slime creatures
  14 hippogriffs
  A wraith (D:14)
  41 yaks
  8 wyverns
  A basilisk (Lair:3)
  2 hungry ghosts
  2 steam dragons (D:10)
  6 vampire mosquitoes (Lair:6)
  A naga (Lair:3)
  Edmund (D:6)
  7 water moccasins
  2 acid dragons (D:14)
  9 porcupines
  3 black bears
  7 orc warriors
  2 ice beasts (D:5)
  2 sky beasts
  17 wolves
  4 ogres
  4 boggarts (D:14)
  A centaur (D:10)
  18 crocodiles
  5 big kobolds
  28 bullfrogs
  6 scorpions
  6 killer bees (D:10)
  3 howler monkeys
  16 wights
  An electric eel (Lair:6)
  4 crimson imps
  2 bullfrog zombies
  7 orc priests
  5 hounds
  7 jellies
  3 centaur skeletons
  Crazy Yiuf (D:2)
  2 bullfrog skeletons
  4 iguanas
  15 orc wizards
  10 worker ants
  Terence (D:2)
  A killer bee zombie (D:9)
  A hound zombie (D:10)
  Robin (D:3)
  3 worker ant zombies
  3 gnolls (D:7)
  11 adders
  7 shadow imps
  2 oozes (Lair:6)
  2 adder skeletons
  2 worms
  2 leopard geckos
  44 orcs
  3 ball pythons
  10 bats
  5 giant cockroaches
  12 goblins
  15 hobgoblins
  4 jackals
  7 quokkas
  4 frilled lizards
  A jackal skeleton (D:6)
  33 kobolds
  A quokka skeleton (D:5)
  7 rats
  8 fungi
  6 plants
576 creatures vanquished.

Vanquished Creatures (others)
  A human (D:14)
  A yak (Lair:6)
  A bat (D:2)
  A rat (D:2)
  106 fulminant prisms
  12 fungi
  43 plants
165 creatures vanquished.

Grand Total: 741 creatures vanquished

Notes
Turn   | Place    | Note
-------+----------+-------------------------------------------
     0 | D:1      | Norian the Deep Elf Conjurer began the quest for the Orb.
     0 | D:1      | Reached XP level 1. HP: 10/10 MP: 6/6
   137 | D:1      | Reached XP level 2. HP: 12/15 MP: 0/8
   475 | D:1      | Reached skill level 4 in Spellcasting
   719 | D:1      | Reached skill level 5 in Conjurations
   719 | D:1      | Reached XP level 3. HP: 19/19 MP: 7/10
   964 | D:2      | Found a white marble altar of Elyvilon.
  1142 | D:2      | Noticed Terence
  1151 | D:2      | Killed Terence
  1151 | D:2      | Reached XP level 4. HP: 22/24 MP: 1/12
  1294 | D:2      | Learned a level 4 spell: Iskenderun's Mystic Blast
  1299 | D:2      | Learned a level 4 spell: Fulminant Prism
  1364 | D:2      | Found a glowing golden altar of the Shining One.
  1394 | D:2      | Found a stormy altar of Qazlal.
  1441 | D:2      | Found an opulent altar of Gozag.
  1514 | D:2      | Found a sacrificial altar of Ru.
  1572 | D:2      | Found a shimmering altar of Xom.
  1690 | D:2      | Found a runed translucent door.
  1691 | D:2      | Noticed Crazy Yiuf
  1698 | D:2      | Killed Crazy Yiuf
  1698 | D:2      | Reached skill level 5 in Spellcasting
  1698 | D:2      | Reached skill level 1 in Hexes
  1826 | D:3      | Found a shadowy altar of Dithmenos.
  1837 | D:3      | Reached XP level 5. HP: 28/28 MP: 9/14
  1873 | D:3      | Found an ancient bone altar of Kikubaaqudgha.
  2258 | D:3      | Noticed Robin
  2262 | D:3      | Killed Robin
  2371 | D:3      | Reached skill level 1 in Armour
  2645 | D:4      | Reached XP level 6. HP: 30/32 MP: 14/16
  3070 | D:4      | Reached skill level 6 in Spellcasting
  3465 | D:4      | Found an ancient bone altar of Kikubaaqudgha.
  3640 | D:5      | Entered Level 5 of the Dungeon
  3726 | D:5      | Noticed an ice beast
  3855 | D:4      | Reached XP level 7. HP: 36/36 MP: 0/18
  4128 | D:5      | Found a staircase to the Ecumenical Temple.
  4150 | Temple   | Entered the Ecumenical Temple
  4170 | Temple   | Became a worshipper of Vehumet
  4200 | D:5      | Reached skill level 7 in Spellcasting
  4536 | D:5      | Reached skill level 5 in Hexes
  4536 | D:5      | Reached XP level 8. HP: 36/41 MP: 7/21
  4569 | D:5      | Found a bloodstained altar of Trog.
  4908 | D:6      | Noticed Edmund
  5120 | D:6      | Reached skill level 8 in Spellcasting
  5207 | D:6      | Killed Edmund
  5207 | D:6      | Reached * piety under Vehumet
  5207 | D:6      | Offered knowledge of Shock by Vehumet.
  5518 | D:7      | Found a runed translucent gate.
  5518 | D:7      | Found a runed translucent gate.
  5698 | D:7      | Reached XP level 9. HP: 45/45 MP: 21/23
  5734 | D:7      | Got an ichor-stained robe
  5745 | D:7      | Identified the +0 robe of the Devil's Advocate {rPois
                  | Stlth+} (You found it on level 7 of the Dungeon)
  5789 | D:7      | Noticed McKennaii's ghost (novice TeAE)
  5793 | D:7      | Found a runed translucent gate.
  5793 | D:7      | Noticed a seven-headed hydra
  6100 | D:7      | Reached skill level 9 in Spellcasting
  6100 | D:7      | Killed McKennaii's ghost
  6167 | D:7      | Killed a seven-headed hydra
  6167 | D:7      | Reached skill level 5 in Armour
  6167 | D:7      | Reached skill level 5 in Dodging
  6443 | D:8      | Reached skill level 10 in Spellcasting
  6563 | D:8      | Noticed Gastronok
  6779 | D:8      | Reached XP level 10. HP: 45/51 MP: 26/26
  6863 | D:8      | Killed Gastronok
  6863 | D:8      | Reached skill level 11 in Spellcasting
  6863 | D:8      | Reached skill level 10 in Conjurations
  7063 | D:8      | Found a staircase to the Lair.
  7311 | D:8      | Noticed Psyche
  7326 | D:8      | Killed Psyche
  7648 | D:8      | Reached ** piety under Vehumet
  7648 | D:8      | Offered knowledge of Freeze by Vehumet.
  8031 | D:9      | Noticed a two-headed ogre
  8121 | D:9      | Noticed Joseph
  8151 | D:8      | Killed Joseph
  8359 | D:9      | Reached skill level 12 in Spellcasting
  8473 | D:8      | Reached XP level 11. HP: 38/61 MP: 12/29
  8886 | D:9      | Offered knowledge of Throw Flame by Vehumet.
  8980 | D:9      | Reached *** piety under Vehumet
  9237 | D:8      | Reached skill level 5 in Fighting
  9458 | D:9      | Killed a two-headed ogre
  9705 | D:9      | Found a sparkling altar of Nemelex Xobeh.
  9799 | D:9      | Reached skill level 1 in Shields
 10051 | D:10     | Entered Level 10 of the Dungeon
 10412 | D:10     | Reached skill level 13 in Spellcasting
 10550 | D:10     | Offered knowledge of Mephitic Cloud by Vehumet.
 10896 | D:10     | Reached **** piety under Vehumet
 11000 | D:10     | Offered knowledge of Bolt of Magma by Vehumet.
 11042 | D:10     | Learned a level 5 spell: Bolt of Magma
 11108 | D:10     | Noticed a centaur warrior
 11124 | D:10     | HP: 3/63 [centaur warrior/arrow (1)]
 11125 | D:10     | Killed a centaur warrior
 11627 | D:10     | Found a portal to a secret trove of treasure.
 11875 | D:9      | Reached skill level 1 in Earth Magic
 11937 | Lair:1   | Entered Level 1 of the Lair of Beasts
 11944 | Lair:1   | Reached skill level 1 in Fire Magic
 12166 | Lair:1   | Reached XP level 12. HP: 57/68 MP: 10/31
 13588 | Lair:2   | Found a staircase to the Shoals.
 13884 | Lair:2   | Reached ***** piety under Vehumet
 13884 | Lair:2   | Offered knowledge of Irradiate by Vehumet.
 14427 | Lair:3   | Found a staircase to the Snake Pit.
 14563 | Lair:3   | Reached skill level 5 in Fire Magic
 14563 | Lair:3   | Reached skill level 5 in Earth Magic
 14577 | Lair:3   | Reached skill level 5 in Shields
 15106 | Lair:4   | Reached skill level 1 in Evocations
 15563 | Lair:4   | Noticed a death yak
 15563 | Lair:4   | Noticed a death yak
 15563 | Lair:4   | Noticed a death yak
 15570 | Lair:3   | Killed a death yak
 15650 | Lair:3   | Killed a death yak
 15651 | Lair:3   | Killed a death yak
 15651 | Lair:3   | Reached XP level 13. HP: 51/72 MP: 26/32
 17955 | Lair:6   | Entered Level 6 of the Lair of Beasts
 18218 | Lair:6   | Offered knowledge of Ozocubu's Refrigeration by Vehumet.
 18434 | Lair:6   | Reached skill level 14 in Spellcasting
 18443 | Lair:6   | Reached skill level 5 in Stealth
 18452 | Lair:6   | Reached skill level 10 in Dodging
 19308 | Lair:6   | Reached XP level 14. HP: 74/78 MP: 22/34
 20150 | Lair:6   | Found a staircase to the Slime Pits.
 20258 | Lair:6   | Reached skill level 15 in Spellcasting
 20478 | Lair:2   | Got a steaming mace
 20609 | Lair:6   | Identified the +0 mace of Jutiz {protect, rElec} (You found
                  | it on level 2 of the Lair of Beasts)
 21461 | D:11     | Found Ulutagh's Assorted Antiques.
 21745 | D:12     | Offered knowledge of Fireball by Vehumet.
 21818 | D:12     | Learned a level 5 spell: Fireball
 21894 | D:12     | Reached skill level 5 in Evocations
 22126 | D:12     | You fall into a shaft and drop 2 floors!
 22421 | D:14     | Found Yfiow's Magic Scroll Shop.
 22429 | D:14     | Bought a scroll of remove curse for 48 gold pieces
 22445 | D:14     | Noticed Nessos
 22450 | D:14     | Killed Nessos
 22595 | D:14     | Found a runed translucent gate.
 22595 | D:14     | Found an opulent altar of Gozag.
 22597 | D:14     | Found a runed translucent gate.
 22598 | D:14     | Found a runed translucent gate.
 22598 | D:14     | Noticed a fire giant
 22598 | D:14     | Noticed lis82's ghost (journeyman DgAE)
 22599 | D:14     | Found Tuzevo's Assorted Antiques.
 22684 | D:14     | Noticed Jorgrun
 22696 | D:14     | Slain by Jorgrun

Levels and vault maps discovered:
D:1:      dpeg_arrival_stone_temple_mockup, layout_basic
D:2:      layout_rooms, old_standard_altar, nicolae_overflow_quartered_altars,
          elyvilon_altar_4, uniq_crazy_yiuf_cottage, uniq_terence
D:3:      layout_loops_ring, nicolae_overflow_crystal_walls, first_ration,
          kennysheep_flooded_box, chequers_serial_rivers_large_a, uniq_robin
D:4:      layout_loops_corners, kiku_gazebo_pond_becter
D:5:      layout_rooms, temple_green, trog_three_pillars_becter
D:6:      layout_rooms, uniq_edmund
D:7:      layout_rooms, gammafunk_ghost_split
D:8:      layout_loops_corners, grunt_lair_entry_orc_guard_hut, uniq_psyche,
          uniq_gastronok
D:9:      layout_rooms, basic_altar, kennysheep_generic_room_4, uniq_joseph
D:10:     cheibrodos_steamvent, layout_stronghold, enter_trove_2
D:11:     layout_loops_cross, serial_shops, shop
D:12:     layout_rooms, david_orc_3, grunt_ogre_cave, hangedman_decor_push
D:14:     layout_roguey, ximxim_vaults_locker_room, serial_shops, shop,
          ebering_ghost_gozag, uniq_nessos, uniq_roxanne, uniq_jorgrun
Temple:   eino_wide_crystal_templ
Lair:1:   layout_gridlike, columned_hall_lemuel, wad_woods_road_03,
          beast_lair_carwin_9
Lair:2:   layout_regular_city, elwin_shoals_entry_stream
Lair:3:   layout_loops_ring, guppyfry_snake_entry_garden
Lair:4:   layout_gridlike, minivault_23, beast_lair_carwin_7
Lair:5:   layout_regular_city
Lair:6:   minmay_lair_end_frog_pond, layout_loops_ring,
          nicolae_slime_entry_slimehenge, gauntlet_entry_generic,
          grunt_megastairs_4

Skill      XL: |  1  2  3  4  5  6  7  8  9 10 11 12 13 14 |
---------------+-------------------------------------------+-----
Spellcasting   | 4 5 6 7 8 10 12 13 14 15 | 15.8
Conjurations   | 5 6 7 8 9 10 12 13 14 | 14.1
Hexes          | 1 2 3 5 6 |  6.2
Armour         | 1 2 3 4 5 7 |  7.0
Dodging        | 3 6 7 8 10 | 10.1
Fighting       | 4 5 |  5.0
Shields        | 3 5 |  5.0
Earth Magic    | 1 6 7 |  7.0
Fire Magic     | 1 6 7 |  7.1
Evocations     | 2 4 6 |  6.0
Stealth        | 5 |  5.0

Action                   |  1- 3 |  4- 6 |  7- 9 | 10-12 | 13-15 || total
-------------------------+-------+-------+-------+-------+-------++-------
Melee: Unarmed           |     8 |       |       |       |       ||     8
       Dagger            |       |    16 |    10 |    23 |    36 ||    85
       Mace              |       |       |       |       |     7 ||     7
 Cast: Magic Dart        |    78 |   158 |   178 |   201 |    88 ||   703
       Iskenderun's Myst |       |    12 |    47 |   277 |   252 ||   588
       Fulminant Prism   |       |     4 |    15 |    55 |    32 ||   106
       Bolt of Magma     |       |       |       |     8 |    55 ||    63
       Fireball          |       |       |       |       |     6 ||     6
Evoke: Wand              |       |       |       |     8 |     3 ||    11
  Use: Scroll            |       |     9 |     2 |     3 |     4 ||    18
       Potion            |       |       |       |     3 |     1 ||     4
  Eat: Chunk             |       |    10 |     8 |    21 |    12 ||    51
       Ration            |       |       |     2 |     2 |     4 ||     8
Armor: Robe              |    11 |     1 |     4 |    11 |       ||    27
       Leather armour    |       |    21 |    11 |       |       ||    32
       Ring mail         |       |       |       |    26 |    26 ||    52
Dodge: Dodged            |    19 |    30 |    39 |   123 |    80 ||   291
Block: Shield            |       |       |       |    33 |    55 ||    88
